 Dungeon Crawl Stone Soup version 0.23.1 (webtiles) character file.

Game seed: 2837399180789477391

129 sanboga the Skirmisher (level 5, 0/33 HPs)
             Began as a Gargoyle Berserker on Mar 11, 2019.
             Was a Believer of Trog.
             Slain by a centaur skeleton (4 damage)
             ... on level 4 of the Dungeon.
             The game lasted 00:02:43 (1885 turns).

sanboga the Skirmisher (Gargoyle Berserker)         Turns: 1885, Time: 00:02:43

Health: 0/33       AC:  6    Str: 21    XL:     5   Next: 12%
Magic:  5/5        EV: 12    Int:  8    God:    Trog [**....]
Gold:   59         SH:  0    Dex:  9    Spells: 4/4 levels left

rFire    . . .     SeeInvis .   a - +0 hand axe
rCold    . . .     Gourm    .   (no shield)
rNeg     + . .     Faith    .   b - +0 animal skin
rPois    ∞         Spirit   .   (no helmet)
rElec    +         Reflect  .   (no cloak)
rCorr    .         Harm     .   (no gloves)
MR       .....                  (no boots)
Stlth    +.........             k - amulet of inaccuracy (curse)
HPRegen  0.11/turn              (no ring)
MPRegen  0.09/turn              (no ring)

@: no status effects
A: negative energy resistance 1, electricity resistance, unbreathing,
petrification resistance, rot immunity, AC +4
a: Berserk, Trog's Hand, Renounce Religion


You were on level 4 of the Dungeon.
You worshipped Trog.
Trog was pleased with you.
You were near starving.

You visited 1 branch of the dungeon, and saw 4 of its levels.

You collected 59 gold pieces.

Inventory:

Hand Weapons
 a - a +0 hand axe (weapon)
Armour
 b - a +0 animal skin (worn)
Jewellery
 k - a cursed amulet of inaccuracy (around neck)
Scrolls
 e - a scroll of teleportation
 f - a scroll of random uselessness {unknown}
Potions
 d - a potion of curing {unknown}
Comestibles
 c - 4 rations


   Skills:
 + Level 4.2 Fighting
 * Level 4.1 Axes
 + Level 3.3 Armour
 - Level 1.5 Dodging


You had 4 spell levels left.
You didn't know any spells.
Your spell library was empty.

Dungeon Overview and Level Annotations

Branches:
Dungeon (5/15)
 Temple: D:4-7

Altars:
Qazlal

Annotations:
D:4 Dowan


Innate Abilities, Weirdness & Mutations

You are resistant to torment.
Your stone body is resilient. (AC +4)
You are immune to poison.
You resist negative energy. (rN+)
You are resistant to electric shocks. (rElec)
You can survive without breathing.
You are immune to petrification.
You are immune to rotting.


Message History

Level annotation: Dowan A centaur skeleton comes into view.
Found a spear.
Found an escape hatch in the floor.
The centaur skeleton misses you.
You hit the centaur skeleton.
The centaur skeleton is lightly damaged.
The centaur skeleton hits you.
* * * LOW HITPOINT WARNING * * *
You hit the centaur skeleton.
The centaur skeleton is moderately damaged.
The centaur skeleton hits you but does no damage.
The centaur skeleton hits you.
* * * LOW HITPOINT WARNING * * *
You slash the centaur skeleton!
The centaur skeleton is heavily damaged.
The centaur skeleton misses you.
You barely miss the centaur skeleton.
The centaur skeleton is heavily damaged.
The centaur skeleton hits you.
You die...

#......##.#
#.#
#......##.#
#.#
#......##.#
...
#########.#
#.# #.# .#
##########
#........#
#........#
#......@.#
#......Z.#
#....)...#
#........#
#>........
#..........
#..........
#######.....


You could see a centaur skeleton.

Vanquished Creatures
  An orc priest (D:4)
  An orc wizard (D:4)
  An iguana (D:4)
  An adder (D:2)
  A worm (D:2)
  2 dart slugs
  3 leopard geckos
  An orc (D:4)
  2 giant cockroaches (D:1)
  2 goblins
  3 hobgoblins
  2 kobolds (D:1)
  A bat (D:2)
  A frilled lizard (D:1)
  A jackal skeleton (D:4)
  5 rats (D:1)
28 creatures vanquished.

Notes
Turn   | Place    | Note
-------+----------+-------------------------------------------
     0 | D:1      | sanboga the Gargoyle Berserker began the quest for the Orb.
     0 | D:1      | Reached XP level 1. HP: 14/14 MP: 1/1
   167 | D:1      | Reached XP level 2. HP: 11/19 MP: 2/2
   855 | D:2      | Found a stormy altar of Qazlal.
   961 | D:2      | Reached XP level 3. HP: 23/23 MP: 3/3
  1289 | D:2      | You fall through a shaft for 2 floors!
  1389 | D:4      | Noticed Dowan
  1409 | D:4      | Reached XP level 4. HP: 11/29 MP: 4/4
  1412 | D:4      | Reached ** piety under Trog
  1733 | D:4      | Reached XP level 5. HP: 25/33 MP: 5/5
  1872 | D:5      | Entered Level 5 of the Dungeon
  1885 | D:4      | Slain by a centaur skeleton

Skill      XL: |  1  2  3  4 |
---------------+-------------+-----
Axes           | 3 4 |  4.1
Armour         | 3 |  3.3
Fighting       | 4 |  4.2
Dodging        | |  1.5

Action                   |  1- 3 |  4- 6 || total
-------------------------+-------+-------++-------
Melee: Hand axe          |    87 |    19 ||   106
Invok: Berserk           |     2 |     1 ||     3
  Use: Potion            |     4 |       ||     4
       Scroll            |     3 |       ||     3
  Eat: Chunk             |     2 |     2 ||     4
Armor: Animal skin       |    29 |     7 ||    36
Dodge: Dodged            |    63 |     4 ||    67
